 Dungeon Crawl Stone Soup version 0.20-a0-1124-g2e29d97 (webtiles) character file.

25 Naow the Firebug (level 3, -2/21 HPs)
             Began as an Octopode Fire Elementalist on May 16, 2017.
             Slain by a kobold
             ... wielding a +1 whip of draining
              (5 damage)
             ... on level 1 of the Dungeon.
             The game lasted 00:01:20 (938 turns).

Naow the Firebug (Octopode Fire Elementalist)        Turns: 938, Time: 00:01:21

Health: -2/21      AC:  1    Str:  7    XL:     3   Next: 4%
Magic:  4/6        EV: 13    Int: 18    God:
Gold:   42         SH:  0    Dex: 12    Spells: 5/6 levels left

rFire    . . .     SeeInvis .   g - +0 dagger
rCold    . . .     Gourm    .   (no shield)
rNeg     . . .     Faith    .   (helmet restricted)
rPois    .         Spirit   .   (no amulet)
rElec    .         Reflect  .   (no ring)
rCorr    .         Harm     .   (no ring)
MR       .....                  (no ring)
Stlth    ++........             (no ring)
Regen    0.1/turn               (no ring)
MPRegen  0.1/turn               (no ring)
                                (no ring)
                                (no ring)

@: confused
A: almost no armour, stealthy swim, amphibious, 8 rings, constrict 8, camouflage
1, gelatinous body 1
a: no special abilities


You were on level 1 of the Dungeon.
You were not hungry.

You visited 1 branch of the dungeon, and saw 2 of its levels.

You collected 42 gold pieces.

Inventory:

Hand Weapons
 g - a +0 dagger (weapon)
Scrolls
 d - 3 scrolls of identify {unknown}
 e - a scroll of remove curse {unknown}
 h - a scroll of teleportation {unknown}
 l - 2 scrolls of recharging {unknown}
Potions
 c - a potion of brilliance {unknown}
 k - a potion of ambrosia
 m - a potion of lignification {unknown}
Books
 a - a book of Flames

   Spells                             Type                      Level
   a - Flame Tongue                   Conjuration/Fire             1
   b - Throw Flame                    Conjuration/Fire             2
   c - Conjure Flame                  Conjuration/Fire             3
   d - Inner Flame                    Hexes/Fire                   3
   e - Sticky Flame                   Conjuration/Fire             4
   f - Fireball                       Conjuration/Fire             5
Comestibles
 b - a bread ration
 i - a meat ration
 j - a royal jelly


   Skills:
 - Level 2.0 Dodging
 - Level 2.6 Stealth
 + Level 2.3 Spellcasting
 + Level 1.7 Conjurations
 + Level 3.4 Fire Magic


You had 5 spell levels left.
You knew the following spells:

 Your Spells              Type           Power        Failure   Level  Hunger
a - Flame Tongue          Conj/Fire      ##...        6%          1    #......


Dungeon Overview and Level Annotations

Branches:
Dungeon (2/15)

Altars:

Annotations:
D:2 Robin


Innate Abilities, Weirdness & Mutations

You cannot wear most types of armour.
You are very stealthy in the water. (Stealth+)
You are amphibious.
You can wear up to eight rings at the same time.
You can use your tentacles to constrict eight enemies at once.
Your skin changes colour to match your surroundings (Stealth+).
Your rubbery body absorbs attacks. (AC +1, EV +1)


Message History

The goblin goes into a battle-frenzy!
Robin throws the goblin at you!
* * * LOW HITPOINT WARNING * * *
The goblin hits you but does no damage. The goblin barely misses you.
Robin's horned helmet rattles.
The goblin hits you with a dagger.
* * * LOW HITPOINT WARNING * * *
There is a stone staircase leading up, spattered with blood here.
The goblin closely misses you.
You climb upwards.
A kobold comes into view. It is wielding a whip of draining.
The kobold shouts!
There is a stone staircase leading down here.
It was a potion of ambrosia.
You are confused.
You feel invigorated. The goblin misses you. The goblin hits you with a dagger.
* * * LOW HITPOINT WARNING * * *
The kobold hits you with a whip of draining.
You die...

####.............#
...#..######.#####
...#..# #.# ...#.##
##.######## ...#.##
#.........#
####..#####.........#
....................#
#.#########.........#
#.## #......).K@g..#
#..####.###......g..#
##...##.# #.........#
###....# ##[....#.##
#...## #..####.#
#.#.# #..# #.#
####.#.#####..####.#
##...#.##..........#
...###.##......)...#


You could see 2 goblins and a kobold.

Vanquished Creatures
  2 bats (D:1)
  A giant cockroach (D:1)
  8 goblins
  5 hobgoblins
  A frilled lizard (D:1)
  A kobold (D:1)
  2 rats (D:1)
20 creatures vanquished.

Notes
Turn   | Place    | Note
-------+----------+-------------------------------------------
     0 | D:1      | Naow the Octopode Fire Elementalist began the quest for the Orb.
     0 | D:1      | Reached XP level 1. HP: 11/11 MP: 3/3
   288 | D:1      | Reached XP level 2. HP: 17/17 MP: 3/5
   922 | D:2      | Reached XP level 3. HP: 13/21 MP: 1/6
   927 | D:2      | Noticed Robin
   938 | D:1      | Slain by a kobold

Vault maps used:
D:1:      lemuel_arrival_cross, nrook_mini_vaults, grunt_decor_resistance
D:2:      gammafunk_temple_overflow_statue, grunt_gozag_statues, uniq_robin

Action                   || total
-------------------------++-------
Melee: Unarmed           ||     8
       Constrict         ||     5
       Tentacles         ||     3
       Dagger            ||    11
 Cast: Flame Tongue      ||    26
  Use: Potion            ||     1
 Stab: Sleeping          ||     1
Armor: Skin              ||     3
Dodge: Dodged            ||    18
